 Dungeon Crawl Stone Soup version 0.25.1-2-g60ff931df9 (webtiles) character file.

Game seed: 8535557466600772521

269 tempo the Magician (level 6, 0/34 HPs)
             Began as a Deep Elf Wizard on Oct 2, 2020.
             Succumbed to a worker ant's poison
             ... on level 4 of the Dungeon.
             The game lasted 00:07:30 (3929 turns).

tempo the Magician (Deep Elf Wizard)                Turns: 3929, Time: 00:07:31

Health: 0/34       AC:  3    Str:  4    XL:     6   Next: 1%
Magic:  2/17       EV: 15    Int: 25    God:
Gold:   266        SH:  0    Dex: 13    Spells: 6/17 levels left

rFire    . . .     SeeInvis .   (no weapon)
rCold    . . .     Gourm    .   (no shield)
rNeg     . . .     Faith    +   l - +0 leather armour
rPois    .         Spirit   .   b - +0 hat
rElec    .         Reflect  .   (no cloak)
rCorr    .         Harm     .   (no gloves)
MR       .....                  (no boots)
Stlth    ++........             g - amulet of faith
HPRegen  0.11/turn              a - +4 ring of evasion
MPRegen  0.15/turn              (no ring)

@: lethally poisoned (0 -> -15), very slightly contaminated
A: no striking features
a: no special abilities


You were on level 4 of the Dungeon.
You were not hungry.

You visited 1 branch of the dungeon, and saw 4 of its levels.

You collected 266 gold pieces.

Inventory:

Missiles
 p - 11 bolts
Armour
 b - a +0 hat (worn)
 l - a +0 leather armour (worn)
Jewellery
 a - a +4 ring of evasion (left hand)
 g - an amulet of faith (around neck)
 t - an uncursed amulet of guardian spirit {unknown}
Scrolls
 c - 4 scrolls of identify {unknown}
 e - 4 scrolls of remove curse {unknown}
 f - 2 scrolls of immolation {unknown}
 i - a scroll of amnesia {unknown}
 k - 6 scrolls of teleportation {unknown}
 n - a scroll of fear {unknown}
 o - a scroll of blinking {unknown}
 q - a scroll of enchant weapon {unknown}
Potions
 h - a potion of might {unknown}
 j - 4 potions of curing {unknown}
 m - 2 potions of invisibility {unknown}
 r - a potion of ambrosia {unknown}
 s - a potion of heal wounds {unknown}
 v - a potion of flight {unknown}
Comestibles
 d - 11 rations
 u - 2 chunks of flesh


   Skills:
 + Level 1.3 Fighting
 - Level 1.0 Armour
 - Level 2.4 Dodging
 - Level 2.4 Stealth
 * Level 6.4 Spellcasting
 * Level 3.5 Conjurations
 - Level 1.1 Summonings
 - Level 1.1 Translocations
 + Level 1.1 Fire Magic
 - Level 1.2 Air Magic
 - Level 1.1 Poison Magic


You had 6 spell levels left.
You knew the following spells:

 Your Spells              Type           Power        Failure   Level  Hunger
a - Magic Dart            Conj           ####         2%          1    None
b - Mephitic Cloud        Conj/Pois/Air  ###.....     16%         3    None
c - Call Imp              Summ           ##......     12%         2    None
d - Blink                 Tloc           N/A          12%         2    None
e - Conjure Flame         Conj/Fire      ###.....     14%         3    None

Your spell library contained the following spells:

 Spells                   Type           Power        Failure   Level  Hunger
 Slow                     Hex            #.......     19%         2    None


Dungeon Overview and Level Annotations

Branches:
Dungeon (4/15)
 Temple: D:4-7

Altars:
Cheibriados
Sif Muna
Zin


Message History

Confirm with . or Enter, or press ? or * to list all spells.
Aiming: Magic Dart (safe; 3% risk of failure)
Press: ? - help, Shift-Dir - straight line, f/p - worker ant
Aim: a worker ant (severely wounded)
The magic dart hits the worker ant.
The worker ant is almost dead.
* * * LOW HITPOINT WARNING * * *
You feel sick. The worker ant barely misses you.
Casting: Magic Dart (safe; 3% risk of failure)
Confirm with . or Enter, or press ? or * to list all spells.
Aiming: Magic Dart (safe; 3% risk of failure)
Press: ? - help, Shift-Dir - straight line, f/p - worker ant
Aim: a worker ant (almost dead)
The magic dart hits the worker ant.
You kill the worker ant!
You have reached level 6!
Your experience leads to an increase in your attributes!
Increase (S)trength, (I)ntelligence, or (D)exterity?
You feel clever.
You die...

......###########
...............(#
................#
................#
######......÷...#
#..........#
#..........######..
#..................
#..........@†......
#..............!../
#....[.............
########:..........
#...........
#...........
#...........
#...........


There were no monsters in sight!

Vanquished Creatures
  A bullfrog (D:4)
  2 hounds (D:4)
  An iguana (D:4)
  A worker ant (D:4)
  An adder (D:2)
  A howler monkey skeleton (D:3)
  An adder skeleton (D:4)
  2 worms
  A dart slug (D:1)
  2 leopard geckos
  A ball python (D:1)
  12 bats
  2 giant cockroaches (D:2)
  11 goblins
  10 hobgoblins
  3 jackals (D:1)
  5 frilled lizards
  10 kobolds
  3 rats
70 creatures vanquished.

Notes
Turn   | Place    | Note
-------+----------+-------------------------------------------
     0 | D:1      | tempo the Deep Elf Wizard began the quest for the Orb.
     0 | D:1      | Reached XP level 1. HP: 10/10 MP: 7/7
   413 | D:1      | Reached XP level 2. HP: 16/16 MP: 7/9
   662 | D:1      | Reached skill level 5 in Spellcasting
  1004 | D:1      | Reached XP level 3. HP: 20/20 MP: 4/11
  1009 | D:1      | Learned a level 3 spell: Mephitic Cloud
  1012 | D:1      | Learned a level 2 spell: Call Imp
  1015 | D:1      | Learned a level 2 spell: Blink
  1019 | D:1      | Learned a level 3 spell: Conjure Flame
  1663 | D:2      | Reached skill level 1 in Fighting
  1866 | D:2      | Reached skill level 1 in Armour
  2000 | D:2      | Found a shimmering blue altar of Sif Muna.
  2001 | D:2      | Found a snail-covered altar of Cheibriados.
  2663 | D:3      | Reached XP level 4. HP: 25/25 MP: 9/13
  3470 | D:3      | Found a glowing silver altar of Zin.
  3509 | D:4      | Noticed a bullfrog
  3515 | D:4      | Killed a bullfrog
  3515 | D:4      | Reached skill level 6 in Spellcasting
  3515 | D:4      | Reached skill level 1 in Air Magic
  3515 | D:4      | Reached skill level 1 in Poison Magic
  3515 | D:4      | Reached XP level 5. HP: 29/29 MP: 7/15
  3876 | D:4      | Reached skill level 1 in Fire Magic
  3928 | D:4      | HP: 1/29 [poisoned by a worker ant]
  3929 | D:4      | Reached XP level 6. HP: 1/34 MP: 2/17
  3929 | D:4      | Succumbed to a worker ant's poison

Illustrated notes

Levels and vault maps discovered:
D:1:      saegor_arrival_under_anarchy, layout_basic
D:2:      wad_crossroads, layout_loops_ring, gammafunk_temple_overflow_pools,
          roderic_roman_lattice
D:3:      layout_loops_cross, zin_statuary, grunt_decor_fettered
D:4:      layout_basic

Skill      XL: |  1  2  3  4  5 |
---------------+----------------+-----
Spellcasting   | 5 6 |  6.4
Fighting       | 1 |  1.3
Armour         | 1 |  1.0
Conjurations   | 2 3 |  3.5
Air Magic      | 1 |  1.2
Poison Magic   | 1 |  1.1
Fire Magic     | 1 |  1.1
Dodging        | |  2.4
Stealth        | |  2.4
Summonings     | |  1.1
Translocations | |  1.1

Action                   |  1- 3 |  4- 6 || total
-------------------------+-------+-------++-------
Melee: Unarmed           |     5 |       ||     5
 Cast: Magic Dart        |   110 |    82 ||   192
  Eat: Chunk             |     5 |     4 ||     9
Armor: Robe              |     2 |       ||     2
       Leather armour    |     5 |       ||     5
Dodge: Dodged            |    16 |    17 ||    33
